 Dungeon Crawl Stone Soup version 0.31-a0-986-g5e6e4ef867 (webtiles) character file.

Game seed: 9488440108493200372

97 timneilson the Covered (level 4, -1/29 HPs)
             Began as a Gargoyle Fighter on Nov 3, 2023.
             Slain by an orc
             ... wielding a +0 short sword
              (3 damage)
             ... while paralysed by Grinder
             ... on level 3 of the Dungeon.
             The game lasted 00:02:55 (1950 turns).

timneilson the Covered (Gargoyle Fighter)           Turns: 1950, Time: 00:02:56

Health: -1/29      AC: 11    Str: 21    XL:     4   Next: 68%
Magic:  4/4        EV:  2    Int:  9    God:
Gold:   92         SH:  0    Dex:  9    Spells: 3/3 levels left

rFire   . . .        a - +1 long sword
rCold   . . .        c - +0 buckler
rNeg    + . .        b - +0 scale mail
rPois   ∞            (no helmet)
rElec   +            (no cloak)
rCorr   .            e - +0 pair of gloves
SInv    .            (no boots)
Will    +....        (no amulet) Stlth
                     i - ring of willpower
HPRegen 0.24/turn    (no ring)
MPRegen 0.09/turn

%: no passive effects
@: paralysed, mighty
A: sickness immunity, AC +3, negative energy resistance 1, electricity
resistance, torment resistance 1, petrification resistance
a: no special abilities


You were on level 3 of the Dungeon.
You visited 1 branch of the dungeon, and saw 3 of its levels.

You collected 92 gold pieces.

Inventory:

Hand Weapons
 a - a +1 long sword (weapon)
Armour
 b - a +0 scale mail (worn)
 c - a +0 buckler (worn)
 e - a +0 pair of gloves (worn)
Jewellery
 i - a ring of willpower (left hand)
Wands
 m - a wand of polymorph (10)
Scrolls
 f - a scroll of vulnerability {unknown}
Potions
 h - a potion of attraction {unknown}
 j - a potion of brilliance {unknown}
 k - 2 potions of curing {unknown}


   Skills:
 + Level 3.7 Fighting
 * Level 2.5 Long Blades
 * Level 4.1 Armour
 + Level 0.9 Dodging
 * Level 4.0 Shields
 + Level 0.1 Evocations


You had 3 spell levels left.
You didn't know any spells.
Your spell library was empty.

Dungeon Overview and Level Annotations

Branches:
Dungeon (3/15)

Altars:

Annotations:
D:1 1 transporter
D:3 Grinder


Innate Abilities, Weirdness & Mutations

You are immune to sickness and miasma.
Your stone body is resilient. (AC +3)
You are immune to poison.
You resist negative energy. (rN+)
You are resistant to electric shocks. (rElec)
You are resistant to unholy torment.
You are immune to petrification.


Message History

You are frozen.
The orc hits you with a +0 flail. The orc hits you but does no damage.
An orc comes into view. It is wielding a +0 flail.
The adder bites you but does no damage.
The orc shouts!
The hobgoblin hits you. The adder bites you but does no damage.
The endoplasm barely misses you. The orc hits you but does no damage. x2
You can move again.
You feel very mighty all of a sudden. The adder bites you but does no damage.
The hobgoblin hits you. The endoplasm freezes you.
You are frozen.
The orc hits you but does no damage. The orc barely misses you.
You block the adder's attack.
You hit the hobgoblin.
The hobgoblin is almost dead.
The hobgoblin hits you but does no damage.
The endoplasm hits you. The orc hits you but does no damage.
The orc hits you with a +0 short sword. The adder bites you but does no damage.
The hobgoblin hits you but does no damage.
The endoplasm freezes you.
You are frozen.
* * * LOW HITPOINT WARNING * * *
The orc barely misses you. The orc hits you with a +0 flail.
* * * LOW HITPOINT WARNING * * *
You hit the endoplasm.
The endoplasm is severely wounded.
The adder barely misses you. You block the adder's attack.
You block the hobgoblin's attack. The endoplasm freezes you.
You are frozen.
* * * LOW HITPOINT WARNING * * *
The orc hits you but does no damage. The orc closely misses you.
You hit the endoplasm.
You kill the endoplasm!
You block the adder's attack.
The hobgoblin hits you but does no damage.
The orc closely misses you. Grinder gestures at you.
You suddenly lose the ability to move!
The orc hits you with a +0 short sword.
You die...

. .. .> ....# ... ###
....# ....
..#####5...### .
...♣..##..........
....♣.)o....P..P...#
.....oo@g..........##
....##S#).P......P..#
....................#
...####..$.........#
## #..P......P..##
##.............
#...P..P...#
#..........#
#..#.......#####


You could see Grinder, an adder, 3 orcs and a hobgoblin.

Vanquished Creatures
  2 adders (D:2)
  2 gnolls (D:1)
  2 dart slugs
  3 orcs
  3 ball pythons
  8 endoplasms
  A giant cockroach (D:2)
  3 goblins (D:1)
  4 hobgoblins
  5 quokkas
  A bat (D:2)
  4 frilled lizards (D:1)
  6 kobolds
  11 rats
55 creatures vanquished.

Notes
Turn   | Place    | Note
-------+----------+-------------------------------------------
     0 | D:1      | timneilson the Gargoyle Fighter began the quest for the
                  | Orb.
     0 | D:1      | Reached XP level 1. HP: 14/14 MP: 1/1
    74 | D:1      | Reached XP level 2. HP: 9/19 MP: 2/2
   235 | D:1      | Reached XP level 3. HP: 12/23 MP: 3/3
   980 | D:1      | Reached XP level 4. HP: 28/28 MP: 4/4
  1398 | D:2      | Identified the orb "Axuzygh" {mayhem, Dex+7}
  1931 | D:3      | Noticed Grinder
  1943 | D:3      | Paralysed by Grinder for 4 turns
  1949 | D:3      | HP: 1/29 [frozen (1)]
  1950 | D:3      | Paralysed by Grinder for 3 turns
  1950 | D:3      | Slain by an orc

Illustrated notes

Levels and vault maps discovered:
D:1:      spicycebolla_arrival_risky_transporter, layout_basic,
          dreamdust_princess_bridge, minmay_rat_gold_closets
D:2:      layout_loops_ring, minmay_misc_feat_doors
D:3:      layout_basic, minmay_misc_feat_plants, chequers_mini_garden,
          kennysheep_generic_room_14, uniq_grinder

Skill      XL: |  1  2  3  4 |
---------------+-------------+-----
Long Blades    | 2 |  2.5
Armour         | 4 |  4.1
Shields        | 4 |  4.0
Fighting       | |  3.7
Dodging        | |  0.9
Evocations     | |  0.1

Action                     |  1- 3 |  4- 6 || total
---------------------------+-------+-------++-------
  Melee: Long sword        |   113 |    96 ||   209
    Use: Scroll            |       |     4 ||     4
         Potion            |       |     1 ||     1
 Armour: Scale mail        |    88 |    94 ||   182
  Dodge: Dodged            |    66 |    65 ||   131
  Block: Buckler           |    27 |    27 ||    54

Table legend: (Time is in decaauts)
 A = Elapsed time spent in this place.
 B = Non-inter-level travel time spent in this place.
 C = Inter-level travel time spent in this place.
 D = Time resting spent in this place.
 E = Time spent auto-exploring this place.
 F = Levels seen in this place.
 G = Mean time per level.
                   A        B        C        D        E       F      G
               +--------+--------+--------+--------+--------+-----+--------+
         Total |   2016 |   1938 |     78 |      0 |   1452 |   3 |  672.0 |
       Dungeon |   2016 |   1938 |     78 |      0 |   1452 |   3 |  672.0 |
               +--------+--------+--------+--------+--------+-----+--------+

Top non-repeatable levels by time:
     D:1: 1190 daAuts
     D:2: 692 daAuts
     D:3: 133 daAuts
